 Dungeon Crawl Stone Soup version 0.18.1-48-g4cf74bf (webtiles) character file.

34120 MovingMist the Blocker (level 13, -1/78 HPs)
             Began as a Gargoyle Fighter on Aug 20, 2016.
             Was a High Priest of the Shining One.
             Slain by a jumping spider (4 damage)
             ... on level 1 of the Spider Nest.
             The game lasted 00:50:25 (13689 turns).

MovingMist the Blocker (Gargoyle Fighter)          Turns: 13689, Time: 00:50:28

Health: -1/78      AC: 24    Str: 38    XL:     13   Next: 75%
Magic:  20/20      EV: 13    Int:  6    God:    the Shining One [*****.]
Gold:   568        SH: 23    Dex: 14    Spells: 2 memorised, 6 levels left

rFire  . . .     SeeInvis .     K - +4 morningstar (crush)
rCold  . . .     Gourm    .     D - quicksilver dragon armour
rNeg   + + +     Faith    .     F - +1 large shield
rPois  ∞         Spirit   .     r - +0 helmet
rElec  +         Dismiss  .     (no cloak)
rCorr  .         Reflect  .     s - +0 pair of gloves
SustAt +         Harm     .     b - +1 pair of boots
MR     +....                    A - amulet of regeneration
Stlth  +.........               O - ring of the Ten Seas {SustAt rElec MP+9 Str+4}
                                B - +3 ring of strength

@: mighty, agile, glowing, somewhat resistant to hostile enchantments, very
unstealthy
A: blurry vision 1, clumsy 1, deformed body, dopey 1, low mp 1, negative energy
resistance 1, sense surroundings 1, electricity resistance, strong 1,
unbreathing, petrification resistance, rot immunity, AC +9
a: Divine Shield, Cleansing Flame, Summon Divine Warrior, Renounce Religion


You were on level 1 of the Spider Nest.
You worshipped the Shining One.
The Shining One was extremely pleased with you.
You were not hungry.

You visited 4 branches of the dungeon, and saw 16 of its levels.
You visited the Abyss 1 time.
You also visited: Labyrinth.

You collected 843 gold pieces.
You spent 275 gold pieces at shops.

Inventory:

Hand Weapons
 K - a +4 morningstar of crushing (weapon)
Armour
 b - a +1 pair of boots (worn)
 r - a +0 helmet (worn)
 s - a +0 pair of gloves (worn)
 D - a quicksilver dragon armour (worn)
 F - a +1 large shield (worn)
 H - the +6 chain mail "Gufoanoh" {rC+ MR+ Dex+2}
   (You bought it in a shop on level 7 of the Dungeon)

   It affects your dexterity (+2).
   It protects you from cold.
   It affects your resistance to hostile enchantments.
Jewellery
 A - an amulet of regeneration (around neck)
 B - a +3 ring of strength (left hand)
 E - an uncursed ring of protection from fire
 G - an uncursed amulet of the gourmand {unknown}
 J - an uncursed amulet of guardian spirit {unknown}
 O - the ring of the Ten Seas (right hand) {SustAt rElec MP+9 Str+4}
   (You found it in a labyrinth)

   [ring of sustain attributes]

   It sustains your strength, intelligence and dexterity.
   It affects your strength (+4).
   It insulates you from electricity.
   It affects your magic capacity (+9).
 P - the amulet of Umimoese {RegenMP rElec rF+}
   (You found it on level 9 of the Dungeon)

   [amulet of magic regeneration]

   It increases your magic regeneration.
   It protects you from fire.
   It insulates you from electricity.
Wands
 a - a wand of teleportation (6/9)
 g - a wand of digging (11/24)
 p - a wand of digging (4/24)
 q - a wand of flame (27/48)
 w - a wand of confusion (48/48)
 x - a wand of confusion (11/48)
 I - a wand of enslavement (11/24)
 L - a wand of disintegration (15/24)
 W - a wand of flame (48/48)
 Y - a wand of flame (20/48)
Scrolls
 n - 4 scrolls of fear
 y - 3 scrolls of teleportation
 M - 2 scrolls of remove curse
 N - 4 scrolls of fog
 R - a scroll of enchant armour
 U - a scroll of identify
 V - a scroll of blinking
Potions
 d - 2 potions of might
 e - 5 potions of agility
 h - 3 potions of curing
 i - 2 potions of haste
 k - a potion of lignification
 o - a potion of berserk rage {unknown}
 t - 2 potions of mutation {unknown}
 v - 2 potions of beneficial mutation {unknown}
 z - 3 potions of flight {unknown}
 Q - 3 potions of magic {unknown}
 S - a potion of resistance {unknown}
 T - 2 potions of brilliance {unknown}
 Z - 2 potions of ambrosia {unknown}
Books
 X - a book of Geomancy

   Spells                             Type                      Level
   a - Sandblast                      Earth                        1
   b - Passwall                       Transmutation/Earth          2
   c - Stone Arrow                    Conjuration/Earth            3
   d - Petrify                        Transmutation/Earth          4
   e - Lee's Rapid Deconstruction     Earth                        5
Comestibles
 f - 4 bread rations
 j - a chunk of flesh
 l - 10 slices of pizza
 m - 6 meat rations
 u - 21 fruits
 C - a beef jerky


   Skills:
 - Level 7.6 Fighting
 + Level 11.8 Maces & Flails
 + Level 12.9 Armour
 + Level 13.0 Shields
 + Level 10.5 Conjurations


You had 6 spell levels left.
You knew the following spells:

 Your Spells              Type           Power        Failure   Level  Hunger
a - Conjure Flame         Conj/Fire      #.......     92%         3    ####...
b - Stone Arrow           Conj/Erth      #.....       92%         3    ####...


Dungeon Overview and Level Annotations

Branches:
Dungeon (11/15)            Temple (1/1) D:5            Lair (3/8) D:11
 Spider (1/4) Lair:3          Orc (0/2) D:10
  Swamp: Lair:3-6    Shoals: Lair:3-6

Altars:
Ashenzari
Cheibriados
Dithmenos
Elyvilon
Fedhas
Gozag
Kikubaaqudgha
Makhleb
Nemelex Xobeh
Okawaru
Pakellas
Qazlal
Ru
Sif Muna
Trog
Vehumet
Xom
Yredelemnul
Zin
The Shining One

Shops:
D:7 [   D:9 !   D:11 }

Portals:
Ice
Cave: Spider:1

Annotations:
D:8 exclusion: statue
D:10 Sonja


Innate Abilities, Weirdness & Mutations

You are resistant to torment.
Your stone body is resilient (AC +9).
You are immune to poison.
You resist negative energy.
You are resistant to electric shocks.
You can survive without breathing.
You are immune to petrification.
You are immune to rotting.
Scrolls take you a little longer to read.
You are clumsy. (Dex -2)
Armour fits poorly on your strangely shaped body.
You are dopey. (Int -2)
Your magical capacity is low (-10% MP).
You passively map a small area around you.
Your muscles are strong. (Str +2)


Message History

You are caught in a web!
The jumping spider barely misses you.
The jumping spider leaps!
The ice beast hits you but does no damage.
The web tears apart.
You block the redback's attack. You block the jumping spider's attack.
The jumping spider misses you.
The jumping spider leaps!
You block the redback's attack.
The jumping spider pounces on you but does no damage.
The jumping spider bites you but does no damage.
The ice beast barely misses you.
Unknown command.
You puncture the ice beast!
You kill the ice beast!
You block the redback's attack.
You block the jumping spider's attack. x2
You sock the jumping spider!
The jumping spider is moderately wounded.
You block the redback's attack.
The jumping spider pounces on you but does no damage.
You block the jumping spider's attack. You block the redback's attack.
The jumping spider misses you. The jumping spider bites you.
You die...

##......######
#......##....# #### ###
##..........### #...##.##
##.........^#.##
#.......###..............#
#.......#..............≈##
##.....§.#.............≈#.#
#.......Y#..........####...
#..(.†.†Ys@†......###.###..
*
#.....^.Y#.s......#.%%%.#..
≈
........s####≈.....≈.....#..
...##...#≈. ##...###....#≈..
, § ,
#≈..≈...#..>.......%#...
.....#...#...........≈...
,......#..........<.##≈#...
.#≈#...##.........#≈#..^...
....... #.................


You could see 2 jumping spiders, a redback and 3 ice beasts.

Vanquished Creatures
  Josephine (D:10)
  A minotaur (Lab)
  2 hydras
  Harold (Lair:1)
  Erica (D:10)
  Nergalle (D:10)
  3 hill giants
  3 wolf spiders (Spider:1)
  An orb spider (Spider:1)
  3 elephants (Lair:3)
  Joseph (D:7)
  A gargoyle (D:11)
  4 spiny frogs
  2 efreet
  3 komodo dragons (Lair:2)
  A demonic crawler (Spider:1)
  A rime drake (Lair:2)
  2 trolls
  6 jumping spiders (Spider:1)
  The ghost of barakagiga the Poker, an amateur MfSk (D:3)
  8 blink frogs (Lair:3)
  The ghost of daning the Slasher, an amateur HESk (D:5)
  A wyvern (Lair:3)
  2 shadows (Lab)
  2 tarantellas (Spider:1)
  The ghost of Joat the Changer, an amateur VSTm (D:4)
  9 redbacks
  5 wraiths (D:10)
  2 basilisks
  25 yaks
  2 hippogriffs (D:10)
  A water elemental (D:11)
  2 hungry ghosts
  3 wargs (D:11)
  2 hell hounds (Lair:2)
  3 water moccasins
  Duvessa (D:7)
  3 orc warriors
  10 porcupines
  A phantom (D:8)
  4 sky beasts
  5 ice beasts (Spider:1)
  4 necrophages
  A wasp (D:10)
  4 ogres
  15 wolves
  8 centaurs
  7 crocodiles
  Blork the orc (D:5)
  2 elf zombies (D:11)
  3 big kobolds (D:8)
  18 giant frogs
  Dowan (D:7)
  A water moccasin zombie (D:8)
  2 scorpions
  3 killer bees (D:9)
  11 wights
  An electric eel (D:11)
  2 howler monkeys
  4 crimson imps
  2 centaur zombies
  A quasit (D:11)
  6 hounds
  3 human zombies (D:11)
  2 jellies (D:10)
  2 orc priests
  A centaur skeleton (D:9)
  2 giant frog skeletons
  12 iguanas
  14 orc wizards
  5 worker ants
  A killer bee zombie (D:7)
  16 sheep
  A hound zombie (D:8)
  A hound skeleton (D:9)
  2 mummies (D:11)
  A worker ant zombie (D:5)
  A howler monkey zombie (D:11)
  A howler monkey skeleton (D:4)
  7 river rats (Lair:3)
  9 adders
  A shadow imp (D:10)
  5 worms
  3 dart slugs
  8 giant geckos
  48 orcs
  5 giant cockroaches
  4 hobgoblins
  6 jackals
  3 quokkas
  5 ball pythons
  7 bats
  5 giant newts
  11 goblins
  7 kobolds
  An orc skeleton (D:11)
  2 orc zombies (D:11)
  A quokka zombie (D:7)
  4 rats
436 creatures vanquished.

Vanquished Creatures (others)
  A wight (D:11)
  3 orcs
  9 fungi (Lair:3)
  2 plants
15 creatures vanquished.

Grand Total: 451 creatures vanquished

Notes
Turn   | Place    | Note
--------------------------------------------------------------
     0 | D:1      | MovingMist the Gargoyle Fighter began the quest for the Orb.
     0 | D:1      | Reached XP level 1. HP: 14/14 MP: 1/1
   176 | D:1      | Reached XP level 2. HP: 18/19 MP: 2/2
   670 | D:2      | Reached XP level 3. HP: 18/23 MP: 3/3
   808 | D:2      | Found a burning altar of Makhleb.
  1344 | D:3      | Reached XP level 4. HP: 29/29 MP: 4/4
  1368 | D:3      | Noticed barakagiga's ghost (amateur MfSk)
  1396 | D:3      | Killed barakagiga's ghost
  1396 | D:3      | Reached skill level 4 in Shields
  1396 | D:3      | Reached XP level 5. HP: 26/34 MP: 5/5
  1396 | D:3      | Reached XP level 6. HP: 29/39 MP: 6/6
  1735 | D:3      | Found a bloodstained altar of Trog.
  1737 | D:3      | Found a sacrificial altar of Ru.
  1740 | D:3      | Found a stormy altar of Qazlal.
  1740 | D:3      | Found an opulent altar of Gozag.
  1743 | D:3      | Found an oddly glowing altar of Pakellas.
  1743 | D:3      | Found a snail-covered altar of Cheibriados.
  2190 | D:4      | Noticed Joat's ghost (amateur VSTm)
  2302 | D:4      | Killed Joat's ghost
  2302 | D:4      | Reached skill level 5 in Fighting
  2302 | D:4      | Reached skill level 5 in Shields
  2302 | D:4      | Reached XP level 7. HP: 12/44 MP: 7/7
  2473 | D:4      | Reached skill level 5 in Armour
  3293 | D:5      | Entered Level 5 of the Dungeon
  3296 | D:5      | Noticed daning's ghost (amateur HESk)
  3332 | D:5      | Killed daning's ghost
  3332 | D:5      | Reached XP level 8. HP: 36/51 MP: 8/8
  3475 | D:5      | Reached skill level 5 in Maces & Flails
  3475 | D:5      | Reached skill level 6 in Shields
  3546 | D:5      | Found a shadowy altar of Dithmenos.
  3584 | D:5      | Found a staircase to the Ecumenical Temple.
  3589 | Temple   | Entered the Ecumenical Temple
  3735 | D:5      | Noticed Blork the orc
  3748 | D:5      | Killed Blork the orc
  4124 | Temple   | Became a worshipper of the Shining One
  4916 | D:6      | Reached skill level 7 in Shields
  4916 | D:6      | Reached XP level 9. HP: 56/56 MP: 9/9
  5230 | D:6      | Found an oddly glowing altar of Pakellas.
  5702 | D:7      | Noticed Dowan
  5704 | D:7      | Noticed Duvessa
  5726 | D:7      | Killed Duvessa
  5738 | D:7      | Killed Dowan
  5817 | D:7      | Noticed Joseph
  5842 | D:7      | Killed Joseph
  5847 | D:7      | Found Bolu's Antique Armour Shop.
  5850 | D:7      | Bought a heavily runed chain mail for 275 gold pieces
  5861 | D:7      | Identified the +6 chain mail "Gufoanoh" {rC+ MR+ Dex+2} (You bought it in a shop on level 7 of the Dungeon)
  6030 | D:8      | Learned a level 3 spell: Conjure Flame
  6056 | D:8      | Reached skill level 8 in Shields
  6243 | D:8      | Reached * piety under the Shining One
  6243 | D:8      | Reached skill level 1 in Conjurations
  6729 | D:8      | Reached XP level 10. HP: 64/64 MP: 10/10
  6833 | D:8      | Found a radiant altar of Vehumet.
  7116 | D:8      | Noticed a two-headed hydra
  7129 | D:8      | Killed a two-headed hydra
  7129 | D:8      | Reached skill level 9 in Shields
  7245 | D:8      | Reached ** piety under the Shining One
  7441 | D:9      | Noticed a hill giant
  7451 | D:9      | Killed a hill giant
  7533 | D:9      | Found Nilliret's Distillery.
  7774 | D:9      | Reached skill level 5 in Conjurations
  7802 | D:9      | Got a smoking copper amulet
  7827 | D:9      | Found an iron altar of Okawaru.
  7873 | D:9      | Found a basalt altar of Yredelemnul.
  8064 | D:9      | Found a white marble altar of Elyvilon.
  8439 | D:10     | Entered Level 10 of the Dungeon
  8464 | D:10     | Reached XP level 11. HP: 39/68 MP: 11/11
  8563 | D:10     | Found a staircase to the Orcish Mines.
  8573 | D:10     | Noticed Josephine
  8591 | D:10     | Killed Josephine
  8591 | D:10     | Reached skill level 10 in Shields
  8620 | D:10     | Reached skill level 10 in Armour
  8673 | D:10     | Reached *** piety under the Shining One
  8736 | D:10     | Noticed Nergalle
  8756 | D:10     | Killed Nergalle
  8795 | D:10     | Noticed Erica
  8807 | D:10     | Killed Erica
  8822 | D:10     | Noticed Sonja
  8845 | D:10     | Cast into level 1 of the Abyss (Sonja)
  8859 | Abyss:1  | Found a corrupted altar of Lugonu.
  8879 | D:10     | Escaped the Abyss
  9342 | D:11     | Reached **** piety under the Shining One
  9363 | D:11     | Reached XP level 12. HP: 34/73 MP: 12/12
  9369 | D:11     | Reached skill level 10 in Maces & Flails
  9402 | D:11     | Gained mutation: Your muscles are strong. (Str +2) [mutagenic meat]
  9403 | D:11     | Gained mutation: You are clumsy. (Dex -2) [mutagenic meat]
  9404 | D:11     | Gained mutation: Your magical capacity is low (-10% MP). [mutagenic meat]
  9459 | D:11     | Found a staircase to the Lair.
  9464 | D:11     | Reached skill level 11 in Shields
  9554 | D:11     | Gained mutation: Scrolls take you a little longer to read. [mutagenic meat]
  9555 | D:11     | Gained mutation: You are dopey. (Int -2) [mutagenic meat]
  9556 | D:11     | Gained mutation: You passively map a small area around you. [mutagenic meat]
  9557 | D:11     | Gained mutation: Armour fits poorly on your strangely shaped body. [mutagenic meat]
  9693 | D:11     | Found an ancient bone altar of Kikubaaqudgha.
  9741 | D:11     | Noticed an eight-headed hydra
  9762 | D:11     | Killed an eight-headed hydra
  9793 | D:11     | Reached ***** piety under the Shining One
  9910 | D:11     | Learned a level 3 spell: Stone Arrow
  9946 | D:11     | Found Welerret's Gadget Emporium.
 10209 | Lair:1   | Entered Level 1 of the Lair of Beasts
 10616 | Lair:1   | Noticed Harold
 10632 | Lair:1   | Killed Harold
 10825 | Lair:1   | Found a shimmering altar of Xom.
 11263 | Lair:2   | Found a labyrinth entrance.
 11270 | Lab      | Entered a labyrinth
 11961 | Lab      | Noticed a minotaur
 11975 | Lab      | Killed a minotaur
 11975 | Lab      | Reached skill level 12 in Shields
 12009 | Lab      | Got a twitching bronze ring
 12013 | Lab      | Identified the ring of the Ten Seas {SustAt rElec MP+9 Str+4} (You found it in a labyrinth)
 12015 | Lab      | Identified the amulet of Umimoese {RegenMP rElec rF+} (You found it on level 9 of the Dungeon)
 12182 | Lair:2   | Reached XP level 13. HP: 27/78 MP: 11/11
 13289 | Lair:3   | Reached skill level 10 in Conjurations
 13427 | Lair:3   | Found a hole to the Spider Nest.
 13516 | Spider:1 | Entered Level 1 of the Spider Nest
 13631 | Spider:1 | Found a frozen archway.
 13670 | Spider:1 | Reached skill level 13 in Shields
 13686 | Spider:1 | HP: 1/78 [jumping spider (7)]
 13689 | Spider:1 | Slain by a jumping spider

Skill      XL: |  1  2  3  4  5  6  7  8  9 10 11 12 13 |
---------------+----------------------------------------+-----
Fighting       | 4 5 6 7 |  7.6
Maces & Flails | 3 4 5 7 8 9 11 | 11.8
Armour         | 4 5 6 8 9 10 12 | 12.9
Shields        | 4 5 7 8 9 10 12 13 | 13.0
Conjurations   | 2 5 7 9 10 | 10.5

Action                   |  1- 3 |  4- 6 |  7- 9 | 10-12 | 13-15 || total
-------------------------+-------+-------+-------+-------+-------++-------
Melee: Flail             |   167 |   216 |   651 |    40 |       ||  1074
       Morningstar       |       |       |       |   776 |   265 ||  1041
Invok: Divine Shield     |       |       |       |     1 |       ||     1
Evoke: Wand              |       |       |       |     2 |       ||     2
  Use: Scroll            |     5 |     2 |     7 |     6 |     8 ||    28
       Potion            |       |     2 |       |     4 |     4 ||    10
  Eat: Chunk             |     2 |     3 |    19 |    20 |     3 ||    47
       Meat ration       |       |       |       |     1 |       ||     1
       Bread ration      |       |       |       |     1 |       ||     1
Armor: Scale mail        |    68 |       |       |       |       ||    68
       Plate armour      |    53 |   308 |   507 |       |       ||   868
       Chain mail        |       |       |    38 |   619 |       ||   657
       Quicksilver drago |       |       |       |    25 |   172 ||   197
Dodge: Dodged            |    51 |    66 |   121 |   184 |    93 ||   515
Block: Shield            |    88 |   191 |   282 |       |       ||   561
       Large shield      |       |       |   196 |  1057 |   389 ||  1642
